 Dungeon Crawl Stone Soup version 0.19-a0-900-g7ddcc7b (webtiles) character file.

77 AlphabetPasta the Charlatan (level 4, -4/38 HPs)
             Began as a Naga Artificer on July 4, 2016.
             Slain by Haruko's ghost (5 damage)
             ... on level 3 of the Dungeon.
             The game lasted 00:07:42 (1193 turns).

AlphabetPasta the Charlatan (Naga Artificer)        Turns: 1193, Time: 00:07:43

Health: -4/38      AC:  4    Str: 20    XL:     4   Next: 33%
Magic:  6/6        EV:  9    Int: 12    God:
Gold:   81         SH:  0    Dex: 11    Spells: 0 memorised, 3 levels left

rFire  . . .     SeeInvis +     g - +0 spear
rCold  . . .     Gourm    .     n - +0 ring mail
rNeg   . . .     Faith    .     (no shield)
rPois  +         Spirit   .     (no helmet)
rElec  .         Dismiss  .     (no cloak)
rCorr  .         Reflect  .     (no gloves)
SustAt .         Harm     .     (no barding)
MR     .....                    (no amulet)
Stlth  +.........               (no ring)
                                (no ring)

@: mighty, very slow, not resistant to hostile enchantments, very unstealthy
A: see invisible, deformed body, poison resistance, slowness 2, slow metabolism
1, spit poison 2, AC +1
a: Spit Poison


You were on level 3 of the Dungeon.
You were not hungry.

You visited 1 branch of the dungeon, and saw 3 of its levels.

You collected 81 gold pieces.

Inventory:

Hand Weapons
 a - a +0 short sword
 g - a +0 spear (weapon)
Armour
 b - a +0 leather armour
 n - a +0 ring mail (worn)
Wands
 c - a wand of flame (8/48)
 d - a wand of enslavement (14/24)
 e - a wand of random effects (10/48)
Scrolls
 h - 3 scrolls of identify {unknown}
 j - 2 scrolls of remove curse {unknown}
 o - a scroll of magic mapping {unknown}
 p - a scroll of blinking {unknown}
 q - a scroll of immolation {unknown}
 r - a scroll of recharging {unknown}
Potions
 i - a potion of berserk rage {unknown}
 k - a potion of might
 m - a potion of lignification {unknown}
Comestibles
 f - 2 bread rations
 l - 2 chunks of flesh


   Skills:
 + Level 1.5 Fighting
 - Level 1.0 Short Blades
 * Level 1.8 Polearms
 + Level 1.1 Armour
 + Level 1.9 Dodging
 - Level 1.5 Stealth
 * Level 3.6 Evocations


You had 3 spell levels left.
You didn't know any spells.

Dungeon Overview and Level Annotations

Branches:
Dungeon (3/15)

Altars:

Annotations:
D:3 Haruko's ghost, amateur MfCj


Innate Abilities, Weirdness & Mutations

You cannot wear boots.
Your serpentine skin is tough. (AC +1)
You have supernaturally acute eyesight. (SInv)
Armour fits poorly on your strangely shaped body.
Your system is resistant to poisons. (rPois)
You cover ground very slowly.
You have a slow metabolism.
You can spit poison.


Message History

Zapping:
c - a wand of flame (10/48)
Press: ? - help, Shift-Dir - straight line, f/p - Haruko's ghost
Aim: Haruko's ghost (lightly damaged)
The puff of flame misses Haruko's ghost.
This wand has 9 charges left.
Haruko's ghost hits you!
Evoke which item? (* to show all) (? for menu, Esc to quit)
Zapping:
c - a wand of flame (9/48)
Press: ? - help, Shift-Dir - straight line, f/p - Haruko's ghost
Aim: Haruko's ghost (lightly damaged)
The puff of flame misses Haruko's ghost.
This wand has 8 charges left.
Haruko's ghost hits you.
* * * LOW HITPOINT WARNING * * *
It was a potion of might.
You feel very mighty all of a sudden. Haruko's ghost hits you!
* * * LOW HITPOINT WARNING * * *
You barely miss Haruko's ghost.
Haruko's ghost is lightly damaged.
Haruko's ghost hits you.
You die...

#################
#.......#.......####
#.#####.#.##.......#
#.##....W.##########
#....##@#.#
#.#####.#.##♣♣♣ ♣
#.#####.#g....♣.♣
#.......#....♣.♣
#.#####.......♣
#.#####......♣♣
#....##...##♣♣
####.##...# #.##...#


You could see Haruko's ghost.

Vanquished Creatures
  4 adders (D:2)
  An ooze (D:1)
  2 worms (D:2)
  A dart slug (D:2)
  A ball python (D:1)
  2 goblins (D:1)
  3 hobgoblins
  8 kobolds
  4 bats
  3 giant newts
  3 rats
32 creatures vanquished.

Vanquished Creatures (collateral kills)
  An ooze (D:2)
1 creature vanquished.

Grand Total: 33 creatures vanquished

Notes
Turn   | Place    | Note
-------+----------+-------------------------------------------
     0 | D:1      | AlphabetPasta the Naga Artificer began the quest for the Orb.
     0 | D:1      | Reached XP level 1. HP: 18/18 MP: 3/3
   305 | D:1      | Reached XP level 2. HP: 19/25 MP: 4/4
   630 | D:2      | Reached skill level 1 in Polearms
   630 | D:2      | Reached XP level 3. HP: 31/31 MP: 5/5
   871 | D:2      | Reached skill level 1 in Armour
   903 | D:2      | Reached XP level 4. HP: 38/38 MP: 6/6
  1179 | D:3      | Noticed Haruko's ghost (amateur MfCj)
  1192 | D:3      | HP: 1/38 [Haruko's ghost (7)]
  1193 | D:3      | Slain by Haruko's ghost

Vault maps used:
D:1:      scummos_arrival_forest
D:3:      ecumenical_altar_2, first_bread, uniq_crazy_yiuf_cottage

Skill      XL: |  1  2  3 |
---------------+----------+-----
Polearms       | 1 |  1.8
Armour         | 1 |  1.1
Fighting       | |  1.5
Short Blades   | |  1.0
Dodging        | |  1.9
Stealth        | |  1.5
Evocations     | |  3.6

Action                   |  1- 3 |  4- 6 || total
-------------------------+-------+-------++-------
Melee: Spear             |    43 |    14 ||    57
       Short sword       |     2 |       ||     2
 Abil: Spit Poison       |    24 |     4 ||    28
Evoke: Wand              |     8 |     5 ||    13
  Use: Potion            |       |     1 ||     1
 Stab: Sleeping          |     1 |       ||     1
  Eat: Chunk             |     1 |     1 ||     2
Armor: Leather armour    |    11 |       ||    11
       Ring mail         |    10 |     1 ||    11
Dodge: Dodged            |    27 |     3 ||    30
